 Dungeon Crawl Stone Soup version 0.27-a0-1144-g0b7d3b79db (webtiles) character file.

Game seed: 10897428815142030957

9 smalleywall the Conjurer (level 1, 0/14 HPs)
             Began as a Demigod Conjurer on May 8, 2021.
             Slain by a jackal (3 damage)
             ... on level 1 of the Dungeon on May 10, 2021.
             The game lasted 00:01:54 (310 turns).

smalleywall the Conjurer (Demigod Conjurer)          Turns: 310, Time: 00:01:54

Health: 0/14       AC:  2    Str:  8    XL:     1   Next: 93%
Magic:  0/5        EV: 12    Int: 20    God:
Gold:   22         SH:  0    Dex: 12    Spells: 2/3 levels left

rFire    . . .     SeeInvis .   (no weapon)
rCold    . . .     Faith    .   (no shield)
rNeg     . . .     Spirit   .   a - +0 robe
rPois    .         Reflect  .   (no helmet)
rElec    .         Harm     .   (no cloak)
rCorr    .         Rampage  .   (no gloves)
Will     .....                  (no boots)
Stlth    ++........             (no amulet)
HPRegen  0.04/turn              (no ring)
MPRegen  0.09/turn              (no ring)

@: very slightly contaminated
A: high mp 1, forlorn
a: no special abilities


You were on level 1 of the Dungeon.
You visited 1 branch of the dungeon, and saw 1 of its levels.

You collected 22 gold pieces.

Inventory:

Armour
 a - a +0 robe (worn)
 g - a +0 scale mail
Jewellery
 d - a ring of protection from cold
Scrolls
 b - a scroll of teleportation {unknown}
 c - a scroll of torment {unknown}
 e - a scroll of amnesia {unknown}
Potions
 f - a potion of magic {unknown}


   Skills:
 + Level 0.1 Armour
 - Level 1.8 Dodging
 - Level 1.8 Stealth
 + Level 1.9 Spellcasting
 * Level 3.9 Conjurations


You had 2 spell levels left.
You knew the following spells:

 Your Spells              Type           Power      Damage    Failure   Level
a - Magic Dart            Conj           68%        1d6       3%          1

Your spell library contained the following spells:

 Spells                   Type           Power      Damage    Failure   Level
 Searing Ray              Conj           34%        3d4       4%          2
 Dazzling Flash           Conj/Hex       18%        N/A       22%         3
 Fulminant Prism          Conj/Hex       4%         3d6       56%         4
 Iskenderun's Mystic Bla  Conj/Tloc      9%         2d4       56%         4


Dungeon Overview and Level Annotations

Branches:
Dungeon (1/15)


Innate Abilities, Weirdness & Mutations

Your attributes grow dramatically as you level up.
You have an increased reservoir of magic. (+10% MP)
You shall have no god before yourself.


Message History

You closely miss the jackal.
The jackal is severely wounded.
The jackal closely misses you. The jackal barely misses you.
You hit the jackal but do no damage.
The jackal is severely wounded.
The jackal bites you.
The jackal bites you but does no damage.
The jackal closely misses you. x2
You barely miss the jackal.
The jackal is severely wounded.
The jackal bites you. x2
You closely miss the jackal.
The jackal is severely wounded.
The jackal barely misses you. x2
The jackal bites you but does no damage.
Casting: Magic Dart (safe; 3% risk of failure)
Confirm with . or Enter, or press ? or * to list all spells.
Aiming: Magic Dart (safe; 3% risk of failure)
Press: ? - help, Shift-Dir - straight line, f/p - jackal
Aim: a jackal (severely wounded, 100% to hit)
You miscast Magic Dart.
You are very lightly contaminated with residual magic.
Nothing appears to happen.
The jackal misses you. The jackal bites you.
* * * LOW HITPOINT WARNING * * *
The jackal bites you but does no damage.
You hit the jackal but do no damage.
The jackal is heavily wounded.
The jackal barely misses you.
The jackal bites you but does no damage.
You hit the jackal but do no damage.
The jackal is heavily wounded.
The jackal barely misses you. The jackal misses you. x2
The jackal closely misses you.
You hit the jackal.
The jackal is severely wounded.
The jackal misses you. x2
You hit the jackal but do no damage.
The jackal is severely wounded.
The jackal closely misses you. The jackal bites you.
You die...

#.###†..#.....
##.#.##....##.
##..###.#....
##........## #..#######
#####..# ##...#..#
##.......########
#######........h@h....#
...............######.#
#######........#
.#######.......#
.................
###....†.....#####
#.########.# #.# #.#
#.# #


You could see 2 jackals.

Vanquished Creatures
  3 hobgoblins (D:1)
  2 jackals (D:1)
  A kobold (D:1)
  A ball python (D:1)
  A bat (D:1)
8 creatures vanquished.

Notes
Turn   | Place    | Note
-------+----------+-------------------------------------------
     0 | D:1      | smalleywall the Demigod Conjurer began the quest for the
                  | Orb.
     0 | D:1      | Reached XP level 1. HP: 14/14 MP: 5/5
    85 | D:1      | Upgraded the game from 0.27-a0-1139-g28e009f8a6 to
                  | 0.27-a0-1144-g0b7d3b79db
   310 | D:1      | Slain by a jackal

Illustrated notes

Levels and vault maps discovered:
D:1:      dpeg_arrival_rooms_b, layout_loops_ring,
          shapermc_ecumenical_altar_venn

Action                   || total
-------------------------++-------
Melee: Unarmed           ||    24
 Cast: Magic Dart        ||    14
Armor: Robe              ||    11
Dodge: Dodged            ||    40

Table legend: (Time is in decaauts)
 A = Elapsed time spent in this place.
 B = Non-inter-level travel time spent in this place.
 C = Inter-level travel time spent in this place.
 D = Time resting spent in this place.
 E = Time spent auto-exploring this place.
 F = Levels seen in this place.
 G = Mean time per level.
                   A        B        C        D        E       F      G
               +--------+--------+--------+--------+--------+-----+--------+
         Total |    310 |    271 |     39 |      0 |    208 |   1 |  310.0 |
       Dungeon |    310 |    271 |     39 |      0 |    208 |   1 |  310.0 |
               +--------+--------+--------+--------+--------+-----+--------+

Top non-repeatable levels by time:
     D:1: 310 daAuts
